 Dungeon Sprint DCSS version 0.20-a0-1116-gaa52201 (webtiles) character file.

126353 Kidiri the Sorcerer (level 15, -4/99 HPs)
             Began as a Deep Elf Fire Elementalist on May 8, 2017.
             Was the Champion of Vehumet.
             Slain by the 27-headed Lernaean hydra (7 damage)
             ... in the Dungeon (Sprint III: "The Ten Rune Challenge").
             The game lasted 01:09:54 (11044 turns).

Kidiri the Sorcerer (Deep Elf Fire Elementalist)   Turns: 11044, Time: 01:09:55

Health: -4/99      AC:  8    Str: 11    XL:     15   Next: 74%
Magic:  44/56      EV: 20    Int: 35    God:    Vehumet [******]
Gold:   2820       SH: 18    Dex: 20    Spells: 5/64 levels left

rFire    + . .     SeeInvis .   L - staff of fire
rCold    + + .     Gourm    .   m - +1 large shield {reflect}
rNeg     + + .     Faith    .   g - +1 robe "Leedotegh" {+Fly rF- rC+ MR+ rCorr}
rPois    +         Spirit   .   d - +3 hat of Pondering {ponderous, MR+ MP+10 Int+5}
rElec    +         Reflect  +   o - scarf of the Trout {rElec rPois Dex+3}
rCorr    +         Harm     .   H - +2 pair of gloves {Str+3}
MR       ++++.     NoTele   +   (no boots)
Stlth    ++........             I - macabre finger necklace {rN+}
Regen    0.3/turn               J - ring "Defaliet" {+Inv rF+ rC+ rN+ MR+}
MPRegen  0.4/turn               A - +3 ring of intelligence
                                x - ring "Laloq" {*Corrode rElec Str+3 Dex+2}

@: corroded, slow
A: hooves 1, repulsion field 1, molten scales 1, blurry vision 1
}: 2/10 runes: serpentine, silver
a: Renounce Religion, Evoke Invisibility, Evoke Flight


You were in the Dungeon.
You worshipped Vehumet.
Vehumet was exalted by your worship.
You were not hungry.

You visited 1 branch You collected 3504 gold pieces.
You spent 684 gold pieces at shops.

Inventory:

Hand Weapons
 s - a +3 quick blade
Armour
 d - the +3 hat of Pondering (worn) {ponderous, MR+ MP+10 Int+5}
   (You took it off Gastronok in the Dungeon)

   It affects your intelligence (+5).
   It affects your resistance to hostile enchantments.
   It affects your magic capacity (+10).
 g - the +1 robe "Leedotegh" (worn) {+Fly rF- rC+ MR+ rCorr}
   (You took it off a deep elf demonologist in the Dungeon)

   It makes you vulnerable to fire.
   It protects you from cold.
   It affects your resistance to hostile enchantments.
   It lets you fly.
   It protects you from acid and corrosion.
 m - a +1 large shield of reflection (worn)
 o - the scarf of the Trout (worn) {rElec rPois Dex+3}
   (You bought it in a shop in the Dungeon)

   It affects your dexterity (+3).
   It insulates you from electricity.
   It protects you from poison.
 H - a +2 pair of gloves of strength (worn)
Magical Staves
 L - an uncursed staff of fire (weapon)
Jewellery
 a - an uncursed ring of protection from fire
 v - the amulet "Aruiphom" {Gourm rElec}
   (You took it off a deep elf annihilator in the Dungeon)

   [amulet of the gourmand]

   It allows you to eat raw meat even when not hungry.
   It insulates you from electricity.
 x - the ring "Laloq" (on amulet) {*Corrode rElec Str+3 Dex+2}
   (You took it off a vault guard in the Dungeon)

   [ring of dexterity]

   It affects your strength (+3).
   It affects your dexterity (+2).
   It insulates you from electricity.
   It may corrode you when you take damage.
 A - a +3 ring of intelligence (right hand)
 I - the macabre finger necklace (around neck) {rN+}
   (You found it in the Dungeon)

   [amulet of nothing]

   It protects you from negative energy.
 J - the ring "Defaliet" (left hand) {+Inv rF+ rC+ rN+ MR+}
   (You found it in the Dungeon)

   [ring of protection from cold]

   It protects you from fire.
   It protects you from cold.
   It protects you from negative energy.
   It affects your resistance to hostile enchantments.
   It lets you turn invisible.
 K - the amulet of Departure {*Corrode rPois Regen+ SInv}
   (You found it in the Dungeon)

   [amulet of regeneration]

   It protects you from poison.
   It lets you see invisible.
   It increases your rate of regeneration.
   It may corrode you when you take damage.
Wands
 y - a wand of acid (9/15)
 B - a wand of disintegration (7/24)
 C - a wand of iceblast (8/15)
 E - a wand of random effects (7/48)
 O - a wand of iceblast (3/15)
Scrolls
 e - 2 scrolls of silence {unknown}
 l - 2 scrolls of remove curse
 n - a scroll of holy word {unknown}
 p - 2 scrolls of immolation {unknown}
 t - a scroll of fog
 u - 2 scrolls of amnesia
 z - 3 scrolls of magic mapping
 D - a scroll of acquirement
Potions
 f - a potion of might
 h - 2 potions of berserk rage
 i - a potion of invisibility
 j - a potion of lignification
 r - 4 potions of flight
 w - a potion of ambrosia
 F - 2 potions of resistance {unknown}
Books
 M - a Young Poisoner's Handbook

   Spells                             Type                      Level
   a - Sting                          Conjuration/Poison           1
   b - Poisonous Vapours              Poison/Air                   2
   c - Mephitic Cloud                 Conjuration/Poison/Air       3
   d - Olgreb's Toxic Radiance        Poison                       4
   e - Venom Bolt                     Conjuration/Poison           5
Comestibles
 b - 11 royal jellies
 c - a bread ration
 q - 2 meat rations


   Skills:
 + Level 13.2 Fighting
 - Level 8.2 Short Blades
 + Level 8.7 Armour
 + Level 10.5 Dodging
 - Level 2.4 Stealth
 + Level 11.5 Shields
 * Level 25.0 Spellcasting
 + Level 16.5 Conjurations
 + Level 16.5 Fire Magic
 + Level 13.8 Ice Magic
 + Level 14.2 Air Magic
 + Level 13.4 Earth Magic
 + Level 14.9 Poison Magic
 - Level 10.7 Evocations


You had 5 spell levels left.
You knew the following spells:

 Your Spells              Type           Power        Failure   Level  Hunger
a - Flame Tongue          Conj/Fire      #####        0%          1    None
b - Throw Flame           Conj/Fire      ######       0%          2    None
c - Conjure Flame         Conj/Fire      ########     0%          3    None
d - Inner Flame           Hex/Fire       ########     1%          3    None
e - Ignite Poison         Fire/Tmut/Pois ########     1%          3    None
f - Sticky Flame          Conj/Fire      ########     1%          4    None
g - Fireball              Conj/Fire      ########..   1%          5    None
h - Bolt of Magma         Conj/Fire/Erth ########..   1%          5    None
i - Bolt of Fire          Conj/Fire      ########..   1%          6    None
j - Ignition              Fire           ########..   6%          8    None
k - Freezing Cloud        Conj/Ice/Air   #######...   1%          6    None
l - Iron Shot             Conj/Erth      #######...   1%          6    None
m - Orb of Destruction    Conj           ########..   1%          7    None


Dungeon Overview and Level Annotations

Branches:
Dungeon (1/1)

Altars:
Cheibriados
Dithmenos
Elyvilon
Fedhas
Gozag
Hepliaklqana
Kikubaaqudgha
Makhleb
Nemelex Xobeh
Okawaru
Qazlal
Ru
Sif Muna
Trog
Uskayaw
Vehumet
Wu Jian
Xom
Yredelemnul
Zin
The Shining One
Beogh
Jiyva
Lugonu

Shops:
D ![:%=(}(((:!=[}%=!?

Annotations:
D 2 exclusions, Lernaean hydra


Innate Abilities, Weirdness & Mutations

You have large cloven feet.
You are surrounded by a mild repulsion field. (EV +2)
You are partially covered in molten scales. (AC +2)
Scrolls take you a little longer to read.


Message History

You block the 27-headed Lernaean hydra's attack.
The 27-headed Lernaean hydra bites you! The 27-headed Lernaean hydra bites you.
The 27-headed Lernaean hydra closely misses you.
You block the 27-headed Lernaean hydra's attack.
The 27-headed Lernaean hydra bites you but does no damage. x2
The 27-headed Lernaean hydra bites you. The 27-headed Lernaean hydra bites you!
Your corrosive artefact corrodes you!
The 27-headed Lernaean hydra bites you.
You block the 27-headed Lernaean hydra's attack.
The 27-headed Lernaean hydra bites you! x2
* * * LOW HITPOINT WARNING * * *
The 27-headed Lernaean hydra bites you.
* * * LOW HITPOINT WARNING * * *
The 27-headed Lernaean hydra bites you but does no damage.
You block the 27-headed Lernaean hydra's attack.
The 27-headed Lernaean hydra bites you!
* * * LOW HITPOINT WARNING * * *
The 27-headed Lernaean hydra bites you!
* * * LOW HITPOINT WARNING * * *
The 27-headed Lernaean hydra bites you!
You die...

** #..♣♣ #........... ,*** #.[.♣
#........... ,,,** #..♣♣♣*#####
###########. ,,,,** #♣...♣*...φ#
##.......... *,,,,* ♣...♣*....#
#........... **,,,* ♣.♣.♣*.P.§#
#..######### ,*,,** ♣..♣♣#.D§#*
#........... **,,,* ♣♣.♣§.####♣♣
##.......... *,,,,* ♣♣.♣♣.D@.≈♣
##########. ,,,,** ♣♣..♣♣♣♣♣♣.♣
##....)..... ,,,** ♣.≈.≈.§§...♣
#∩.)........ ,*** ♣..≈..≈§.§§♣
#∩.######### ** ♣.♣.≈≈§§.P.♣
#∩........%. ♣♣♣♣♣♣♣♣∩∩∩♣
##.......... ♣♣♣♣♣ ###########
*********************************
,,,,,,**≈,,,,,,,,,,,**,≈,,,,≈,*,,


You could see the 27-headed Lernaean hydra.

Vanquished Creatures
  Frederick (D)
  2 golden dragons (D)
  Rupert (D)
  A lich (D)
  A deep elf master archer (D)
  Chuck (D)
  Harold (D)
  Gastronok (D)
  3 shadow dragons (D)
  A nagaraja (D)
  4 azure jellies (D)
  A fire giant (D)
  2 frost giants (D)
  2 stone giants (D)
  2 deep elf demonologists (D)
  2 deep elf annihilators (D)
  2 dire elephants (D)
  A deep elf death mage (D)
  Snorg (D)
  A fire dragon (D)
  A yaktaur captain (D)
  A deep elf high priest (D)
  A naga warrior (D)
  16 vault guards (D)
  A hydra (D)
  5 anacondas (D)
  3 centaur warriors (D)
  An ogre mage (D)
  4 death yaks (D)
  4 dancing weapons (D)
  3 orc high priests (D)
  Urug (D)
  2 skeletal warriors (D)
  2 unseen horrors (D)
  A spriggan druid (D)
  6 swamp dragons (D)
  A death drake (D)
  2 obsidian statues (D)
  A lindwurm (D)
  Joseph (D)
  2 orc knights (D)
  6 deep elf magi (D)
  7 ugly things (D)
  A manticore (shapeshifter) (D)
  7 black mambas (D)
  2 elephants (D)
  A guardian serpent (D)
  2 spiny frogs (D)
  A torpor snail (shapeshifter) (D)
  A rime drake (D)
  A komodo dragon (D)
  3 wandering mushrooms (D)
  4 spriggan defenders (D)
  2 tyrant leeches (D)
  A queen bee (D)
  5 slime creatures (D)
  8 blink frogs (D)
  A shadow (D)
  3 redbacks (D)
  2 spriggans (D)
  A spatial vortex (D)
  2 nagas (D)
  A hydra simulacrum (D)
  A floating eye (shapeshifter) (D)
  3 water moccasins (D)
  2 orc warriors (D)
  3 swamp drakes (D)
  3 black mamba simulacra (D)
  A necrophage (D)
  2 centaurs (D)
  An earth elemental (D)
  A water elemental (D)
  32 killer bees (D)
  5 orc priests (D)
  A jelly (D)
  An orc wizard (D)
  Jessica (D)
  A wizard (D)
  A necromancer (D)
  3 humans (D)
  A kobold demonologist (D)
  7 adders (D)
  2 oozes (D)
  A phantom (D)
  9 orcs (D)
  A rat (D)
  A ballistomycete spore (D)
  8 butterflies (D)
  5 plants (D)
249 creatures vanquished.

Vanquished Creatures (others)
  2 draconian scorchers (D)
  2 hydras (D)
  6 hellions (D)
  3 yaktaurs (D)
  An electric eel (D)
  A bush (D)
  10 plants (D)
25 creatures vanquished.

Grand Total: 274 creatures vanquished

Notes
Turn   | Place    | Note
-------+----------+-------------------------------------------
     0 | D        | Kidiri the Deep Elf Fire Elementalist began the quest for the Orb.
     0 | D        | Reached XP level 1. HP: 10/10 MP: 6/6
    44 | D        | Reached skill level 1 in Armour
    44 | D        | Reached skill level 4 in Spellcasting
    44 | D        | Reached XP level 2. HP: 16/16 MP: 6/9
    48 | D        | Learned a level 2 spell: Throw Flame
    71 | D        | Noticed Jessica
    74 | D        | Killed Jessica
    74 | D        | Reached skill level 1 in Fighting
    74 | D        | Reached skill level 5 in Spellcasting
    74 | D        | Reached XP level 3. HP: 20/20 MP: 6/11
    82 | D        | Killed a yaktaur
    95 | D        | Killed a hellion
    95 | D        | Killed a hellion
    96 | D        | Killed a hellion
   105 | D        | Killed a hellion
   105 | D        | Killed a hellion
   106 | D        | Killed a hellion
   133 | D        | Learned a level 3 spell: Conjure Flame
   137 | D        | Learned a level 3 spell: Inner Flame
   160 | D        | Killed a white draconian scorcher
   162 | D        | Killed a white draconian scorcher
   237 | D        | Reached skill level 6 in Spellcasting
   259 | D        | Gained mutation: You are agile. (Dex +2) [potion of mutation]
   259 | D        | Gained mutation: Your spells are a little harder to cast, but a little more powerful. [potion of mutation]
   259 | D        | Gained mutation: You have a pair of small horns on your head. [potion of mutation]
   260 | D        | Lost mutation: You have a pair of small horns on your head. [potion of mutation]
   260 | D        | Lost mutation: Your spells are a little harder to cast, but a little more powerful. [potion of mutation]
   260 | D        | Gained mutation: Your flesh is cold resistant. (rC+) [potion of mutation]
   260 | D        | Gained mutation: You are robust. (+10% HP) [potion of mutation]
   261 | D        | Lost mutation: You are agile. (Dex +2) [potion of mutation]
   261 | D        | Lost mutation: Your flesh is cold resistant. (rC+) [potion of mutation]
   261 | D        | Lost mutation: You are robust. (+10% HP) [potion of mutation]
   261 | D        | Gained mutation: You are partially covered in icy blue scales. (AC +2) [potion of mutation]
   261 | D        | Gained mutation: You are surrounded by a mild repulsion field. (EV +2) [potion of mutation]
   262 | D        | Lost mutation: You are partially covered in icy blue scales. (AC +2) [potion of mutation]
   262 | D        | Gained mutation: You have large cloven feet. [potion of mutation]
   262 | D        | Gained mutation: You are partially covered in molten scales. (AC +2) [potion of mutation]
   278 | D        | Noticed a water elemental
   283 | D        | Killed a water elemental
   283 | D        | Reached skill level 7 in Spellcasting
   283 | D        | Reached skill level 5 in Fire Magic
   283 | D        | Reached XP level 4. HP: 23/27 MP: 6/15
   356 | D        | Learned a level 4 spell: Sticky Flame
   356 | D        | Found a radiant altar of Vehumet.
   357 | D        | Found a deep blue altar of Sif Muna.
   357 | D        | Found an ancient bone altar of Kikubaaqudgha.
   357 | D        | Noticed a wizard
   360 | D        | Killed a wizard
   360 | D        | Reached skill level 5 in Dodging
   360 | D        | Reached XP level 5. HP: 20/32 MP: 6/17
   360 | D        | Reached skill level 8 in Spellcasting
   371 | D        | Became a worshipper of Vehumet
   378 | D        | Learned a level 5 spell: Fireball
   479 | D        | Found a glowing silver altar of Zin.
   480 | D        | Found a glowing golden altar of the Shining One.
   480 | D        | Found a white marble altar of Elyvilon.
   480 | D        | Noticed a deep elf mage
   489 | D        | Killed a deep elf mage
   489 | D        | Reached skill level 10 in Spellcasting
   489 | D        | Reached XP level 6. HP: 34/39 MP: 11/21
   489 | D        | Reached XP level 7. HP: 38/44 MP: 12/23
   545 | D        | Found a hide-covered altar of Uskayaw.
   545 | D        | Found a roughly hewn altar of Beogh.
   545 | D        | Found an iron altar of Okawaru.
   545 | D        | Found a bloodstained altar of Trog.
   545 | D        | Found an ornate altar of the Wu Jian Council.
   545 | D        | Noticed a human
   547 | D        | Noticed a human
   554 | D        | Killed a human
   554 | D        | Reached skill level 11 in Spellcasting
   554 | D        | Killed a human
   554 | D        | Reached * piety under Vehumet
   554 | D        | Offered knowledge of Shock by Vehumet.
   554 | D        | Reached skill level 5 in Fighting
   554 | D        | Reached skill level 5 in Armour
   627 | D        | Learned a level 1 spell: Shock
   635 | D        | Found a basalt altar of Yredelemnul.
   635 | D        | Found a shadowy altar of Dithmenos.
   635 | D        | Found a sacrificial altar of Ru.
   640 | D        | Reached skill level 1 in Air Magic
   711 | D        | Noticed a shadow
   714 | D        | Killed a shadow
   714 | D        | Offered knowledge of Throw Frost by Vehumet.
   714 | D        | Reached ** piety under Vehumet
   714 | D        | Reached skill level 12 in Spellcasting
   714 | D        | Reached XP level 8. HP: 49/49 MP: 19/26
   757 | D        | Found a blossoming altar of Fedhas.
   757 | D        | Found a stormy altar of Qazlal.
   757 | D        | Found a snail-covered altar of Cheibriados.
   757 | D        | Found a burning altar of Makhleb.
   757 | D        | Found a shimmering altar of Xom.
   758 | D        | Found a hazy altar of Hepliaklqana.
   758 | D        | Found an opulent altar of Gozag.
   758 | D        | Found a sparkling altar of Nemelex Xobeh.
   758 | D        | Found a corrupted altar of Lugonu.
   758 | D        | Found a viscous altar of Jiyva.
   780 | D        | Reached skill level 5 in Short Blades
   826 | D        | Killed a yaktaur
   874 | D        | Noticed Snorg
   883 | D        | Killed Snorg
   883 | D        | Offered knowledge of Ignite Poison by Vehumet.
   883 | D        | Reached skill level 13 in Spellcasting
   883 | D        | Reached XP level 9. HP: 55/55 MP: 9/28
   888 | D        | Learned a level 3 spell: Ignite Poison
  1143 | D        | Noticed a centaur warrior
  1144 | D        | Reached *** piety under Vehumet
  1144 | D        | Reached skill level 1 in Poison Magic
  1147 | D        | Killed a centaur warrior
  1147 | D        | Offered knowledge of Fulminant Prism by Vehumet.
  1147 | D        | Reached skill level 14 in Spellcasting
  1180 | D        | Noticed an unseen horror
  1182 | D        | Noticed an unseen horror
  1186 | D        | Killed an unseen horror
  1188 | D        | Killed an unseen horror
  1188 | D        | Reached **** piety under Vehumet
  1188 | D        | Reached skill level 10 in Dodging
  1188 | D        | Reached skill level 5 in Air Magic
  1188 | D        | Reached XP level 10. HP: 44/61 MP: 23/30
  1307 | D        | Offered knowledge of Static Discharge by Vehumet.
  1307 | D        | Reached ***** piety under Vehumet
  1315 | D        | Reached ****** piety under Vehumet
  1315 | D        | Reached skill level 15 in Spellcasting
  1318 | D        | Reached skill level 10 in Fire Magic
  1322 | D        | Reached skill level 5 in Poison Magic
  1569 | D        | Offered knowledge of Iskenderun's Mystic Blast by Vehumet.
  1604 | D        | Killed a six-headed hydra
  1640 | D        | Noticed a spiny frog
  1640 | D        | Noticed a spiny frog
  1642 | D        | Killed a spiny frog
  1647 | D        | Killed a spiny frog
  1697 | D        | Reached skill level 10 in Conjurations
  1709 | D        | Offered knowledge of Freezing Cloud by Vehumet.
  1709 | D        | Reached skill level 16 in Spellcasting
  1717 | D        | Learned a level 6 spell: Freezing Cloud
  1978 | D        | Noticed a lindwurm
  2033 | D        | Killed a lindwurm
  2033 | D        | Reached skill level 1 in Ice Magic
  2033 | D        | Reached XP level 11. HP: 37/68 MP: 30/33
  2060 | D        | Killed a six-headed hydra
  2186 | D        | Noticed Urug
  2536 | D        | Killed Urug
  2980 | D        | Offered knowledge of Bolt of Magma by Vehumet.
  3061 | D        | Learned a level 5 spell: Bolt of Magma
  3062 | D        | Noticed Rupert
  3079 | D        | Killed Rupert
  3079 | D        | Reached skill level 17 in Spellcasting
  3166 | D        | Noticed a death yak
  3167 | D        | Noticed a death yak
  3171 | D        | Noticed a death yak
  3173 | D        | Noticed a death yak
  3177 | D        | Killed a death yak
  3179 | D        | Killed a death yak
  3179 | D        | Offered knowledge of Iron Shot by Vehumet.
  3179 | D        | Reached skill level 5 in Ice Magic
  3181 | D        | Killed a death yak
  3183 | D        | Killed a death yak
  3183 | D        | Reached skill level 18 in Spellcasting
  3288 | D        | Reached XP level 12. HP: 75/76 MP: 24/36
  3296 | D        | Learned a level 6 spell: Iron Shot
  3365 | D        | Noticed an azure jelly
  3365 | D        | Noticed an azure jelly
  3388 | D        | Offered knowledge of Bolt of Fire by Vehumet.
  3429 | D        | HP: 3/76 [poisoned by a swamp dragon (poison gas)]
  3441 | D        | Learned a level 6 spell: Bolt of Fire
  3791 | D        | Reached skill level 5 in Earth Magic
  3957 | D        | Found Upryop's Gadget Boutique.
  3958 | D        | Found a roughly hewn altar of Beogh.
  3958 | D        | Noticed an orc high priest
  3960 | D        | Offered knowledge of Conjure Ball Lightning by Vehumet.
  3966 | D        | Killed an orc high priest
  3970 | D        | Reached skill level 19 in Spellcasting
  4085 | D        | Reached skill level 10 in Poison Magic
  4087 | D        | Reached skill level 10 in Fighting
  4100 | D        | Noticed a deep elf annihilator
  4190 | D        | Noticed a deep elf demonologist
  4221 | D        | Noticed a cacodemon
  4228 | D        | Gained mutation: Scrolls take you a little longer to read. [a cacodemon]
  4387 | D        | Noticed a deep elf demonologist
  4391 | D        | Killed a deep elf demonologist
  4391 | D        | Reached skill level 10 in Air Magic
  4488 | D        | Got a crude mace {crush}
  4488 | D        | Got an ancient robe
  4489 | D        | Noticed a deep elf annihilator
  4500 | D        | Identified the +1 robe "Leedotegh" {+Fly rF- rC+ MR+ rCorr} (You took it off a deep elf demonologist in the Dungeon)
  4518 | D        | Noticed a deep elf high priest
  4523 | D        | Noticed a deep elf master archer
  4678 | D        | Noticed a deep elf death mage
  4690 | D        | Killed a deep elf high priest
  4690 | D        | Offered knowledge of Orb of Destruction by Vehumet.
  4690 | D        | Reached skill level 1 in Shields
  4781 | D        | Killed a deep elf demonologist
  4799 | D        | Killed a deep elf annihilator
  4951 | D        | Killed a deep elf master archer
  4951 | D        | Reached skill level 20 in Spellcasting
  4951 | D        | Reached XP level 13. HP: 83/83 MP: 24/39
  4960 | D        | Learned a level 7 spell: Orb of Destruction
  5137 | D        | Killed a deep elf death mage
  5372 | D        | Killed a deep elf annihilator
  5380 | D        | Got a scorched amethyst amulet
  5390 | D        | Identified the Compendium of Boosting Poison
  5402 | D        | Got a vibrating granite ring
  5402 | D        | Got a flickering ivory amulet
  5420 | D        | Identified the amulet "Aruiphom" {Gourm rElec} (You took it off a deep elf annihilator in the Dungeon)
  5421 | D        | Identified the ring "Defaliet" {+Inv rF+ rC+ rN+ MR+} (You found it in the Dungeon)
  5423 | D        | Identified the amulet of Departure {*Corrode rPois Regen+ SInv} (You found it in the Dungeon)
  5549 | D        | Lost strength.
  5549 | D        | Identified the +5 mace "Ziuny" {crush, rElec rN+ MR+ Str-5} (You took it off a deep elf demonologist in the Dungeon)
  5826 | D        | Found Qupoak's Distillery.
  5826 | D        | Found Uxejest's Antique Armour Boutique.
  5826 | D        | Found Ruragra's Book Emporium.
  5889 | D        | Noticed an azure jelly
  5889 | D        | Noticed an azure jelly
  5890 | D        | Noticed a dire elephant
  5890 | D        | Noticed a dire elephant
  5890 | D        | Noticed Gastronok
  5899 | D        | Killed a dire elephant
  5899 | D        | Offered knowledge of Lehudib's Crystal Spear by Vehumet.
  5899 | D        | Offered knowledge of Chain Lightning by Vehumet.
  5899 | D        | Offered knowledge of Ignition by Vehumet.
  5899 | D        | Reached skill level 1 in Evocations
  5902 | D        | Killed a dire elephant
  5902 | D        | Killed Gastronok
  5902 | D        | Reached skill level 5 in Shields
  5988 | D        | Noticed Harold
  5988 | D        | Noticed Joseph
  5992 | D        | Killed Harold
  5994 | D        | Killed Joseph
  6203 | D        | Found Wotizxoe's Jewellery Emporium.
  6203 | D        | Found Donnyacu's Gadget Shop.
  6203 | D        | Found Helory's Magic Scroll Shoppe.
  6203 | D        | Found Fono's Distillery.
  6203 | D        | Found Guiriex's Antique Armour Emporium.
  6203 | D        | Found Tata's Distillery.
  6203 | D        | Found Herif's Jewellery Emporium.
  6203 | D        | Found Nacsek's Food Boutique.
  6204 | D        | Found Ypyett's Book Boutique.
  6204 | D        | Found Lyujic's Weapon Shoppe.
  6204 | D        | Found Peorgh Le Her's Antique Weapon Shop.
  6204 | D        | Found Uwyh's Antique Weapon Emporium.
  6226 | D        | Bought a jewelled scarf for 290 gold pieces
  6231 | D        | Identified the scarf of the Trout {rElec rPois Dex+3} (You bought it in a shop in the Dungeon)
  6233 | D        | Bought a scroll of fog for 20 gold pieces
  6233 | D        | Bought a scroll of identify for 20 gold pieces
  6233 | D        | Bought a scroll of remove curse for 30 gold pieces
  6233 | D        | Bought 3 scrolls of magic mapping for 105 gold pieces
  6428 | D        | Found a blossoming altar of Fedhas.
  6455 | D        | Reached skill level 21 in Spellcasting
  6611 | D        | Reached skill level 10 in Ice Magic
  6798 | D        | Reached skill level 5 in Evocations
  6930 | D        | Noticed a nagaraja
  6936 | D        | Killed a nagaraja
  6938 | D        | Reached skill level 10 in Earth Magic
  6938 | D        | Reached XP level 14. HP: 89/89 MP: 29/41
  7028 | D        | Found Weodizxa's Food Shop.
  7028 | D        | Found Beol's Jewellery Shoppe.
  7031 | D        | Found Avepraun's Antique Weapon Boutique.
  7056 | D        | Got a serpentine rune of Zot
  7473 | D        | Bought a +3 ring of intelligence for 219 gold pieces
  8054 | D        | Reached skill level 22 in Spellcasting
  8318 | D        | Noticed Chuck
  8444 | D        | Killed Chuck
  8552 | D        | Noticed Frederick
  8577 | D        | Killed Frederick
  8577 | D        | Reached skill level 15 in Fire Magic
  8707 | D        | Noticed a lich
  8711 | D        | Killed a lich
  8898 | D        | Noticed a shadow dragon
  8898 | D        | Noticed a shadow dragon
  8907 | D        | Reached skill level 15 in Conjurations
  8913 | D        | Killed a shadow dragon
  8916 | D        | Killed a shadow dragon
  8916 | D        | Reached skill level 23 in Spellcasting
  9052 | D        | Learned a level 8 spell: Ignition
  9124 | D        | Noticed a golden dragon
  9125 | D        | Noticed a stone giant
  9126 | D        | Noticed a shadow dragon
  9126 | D        | Noticed a frost giant
  9126 | D        | Noticed a frost giant
  9126 | D        | Noticed a stone giant
  9164 | D        | Killed a frost giant
  9367 | D        | Reached XP level 15. HP: 69/97 MP: 30/44
  9386 | D        | Killed a shadow dragon
  9513 | D        | Noticed a golden dragon
  9518 | D        | Killed a golden dragon
  9518 | D        | Reached skill level 10 in Shields
  9746 | D        | Reached skill level 24 in Spellcasting
  9819 | D        | Got a sparkling lead ring
  9861 | D        | Reached skill level 10 in Evocations
  9862 | D        | Killed a frost giant
  9872 | D        | Killed a golden dragon
  9890 | D        | Identified the ring "Laloq" {*Corrode rElec Str+3 Dex+2} (You took it off a vault guard in the Dungeon)
 10156 | D        | Noticed a fire giant
 10172 | D        | Killed a fire giant
 10488 | D        | Got a silver rune of Zot
 10971 | D        | Killed an azure jelly
 10972 | D        | Killed an azure jelly
 10972 | D        | Killed an azure jelly
 10975 | D        | Killed an azure jelly
 10975 | D        | Reached skill level 25 in Spellcasting
 11039 | D        | Noticed the 27-headed Lernaean hydra
 11044 | D        | HP: 3/99 [the 27-headed Lernaean hydra (10)]
 11044 | D        | Slain by the 27-headed Lernaean hydra

Vault maps used:
D:        dungeon_sprint_mu

Skill      XL: |  1  2  3  4  5  6  7  8  9 10 11 12 13 14 15 |
---------------+----------------------------------------------+-----
Armour         | 1 2 4 5 6 7 8 |  8.7
Dodging        | 3 4 5 7 8 9 10 | 10.5
Spellcasting   | 4 5 7 10 12 13 14 16 18 20 21 23 25 | 25.0
Fighting       | 1 2 4 5 6 8 9 10 11 12 13 | 13.2
Conjurations   | 2 3 4 6 7 8 10 11 12 14 15 16 | 16.5
Fire Magic     | 4 5 7 8 9 10 12 13 14 15 16 | 16.5
Short Blades   | 3 4 5 7 8 |  8.2
Air Magic      | 1 3 5 7 8 10 11 13 14 | 14.2
Poison Magic   | 3 6 8 10 12 13 14 | 14.9
Ice Magic      | 1 5 8 10 12 13 | 13.8
Earth Magic    | 4 7 10 12 13 | 13.4
Shields        | 3 6 9 11 | 11.5
Evocations     | 5 9 10 | 10.7
Stealth        | |  2.4

Action                   |  1- 3 |  4- 6 |  7- 9 | 10-12 | 13-15 || total
-------------------------+-------+-------+-------+-------+-------++-------
Melee: Dagger            |       |     1 |       |    31 |       ||    32
       Kick              |       |       |       |     6 |    17 ||    23
       Quick blade       |       |       |       |       |    54 ||    54
       Staff             |       |       |       |       |    10 ||    10
 Cast: Flame Tongue      |    18 |     3 |    43 |    64 |    17 ||   145
       Throw Flame       |     4 |       |       |     9 |     1 ||    14
       Conjure Flame     |     1 |       |     4 |     9 |     4 ||    18
       Sticky Flame      |       |     3 |     4 |    20 |    14 ||    41
       Inner Flame       |       |       |     4 |    10 |     3 ||    17
       Fireball          |       |       |     3 |     5 |     3 ||    11
       Freezing Cloud    |       |       |       |    12 |    19 ||    31
       Bolt of Magma     |       |       |       |    20 |     1 ||    21
       Bolt of Fire      |       |       |       |    36 |    64 ||   100
       Orb of Destructio |       |       |       |       |    66 ||    66
       Iron Shot         |       |       |       |       |    36 ||    36
       Ignition          |       |       |       |       |     8 ||     8
 Abil: Evoke Flight      |       |       |       |       |     3 ||     3
       Evoke Invisibilit |       |       |       |       |     3 ||     3
  Use: Potion            |     4 |       |     1 |     6 |     2 ||    13
       Scroll            |     3 |       |       |     1 |     5 ||     9
 Stab: Sleeping          |       |     1 |       |     3 |       ||     4
  Eat: Royal jelly       |       |       |     1 |    10 |     4 ||    15
       Chunk             |       |       |       |     2 |     2 ||     4
       Fruit             |       |       |       |       |     8 ||     8
Armor: Robe              |       |       |     3 |       |    22 ||    25
       Leather armour    |       |       |       |     4 |       ||     4
Dodge: Dodged            |     1 |     1 |    17 |    61 |    74 ||   154
Block: Buckler           |       |       |       |       |    41 ||    41
       Large shield      |       |       |       |       |    11 ||    11
